 Dungeon Crawl Stone Soup version 0.24.1 (webtiles) character file.

Game seed: 12719430720374875763, levelgen mode: deterministic

8680 BreadTh the Basher (level 11, -1/92 HPs)
             Began as a Minotaur Hunter on Mar 27, 2020.
             Was an Elder of the Shining One.
             Killed from afar by an oklob plant (12 damage)
             ... with a splash of acid
             ... on level 1 of the Lair of Beasts.
             The game lasted 00:40:52 (11944 turns).

BreadTh the Basher (Minotaur Hunter)               Turns: 11944, Time: 00:40:54

Health: -1/92      AC:  6    Str: 19    XL:     11   Next: 13%
Magic:  0/3        EV: 10    Int:  8    God:    the Shining One [****..]
Gold:   382        SH:  6    Dex: 12    Spells: 10/10 levels left

rFire    . . .     SeeInvis .   K - +6 morningstar (antimagic)
rCold    + + .     Gourm    .   (no shield)
rNeg     + + .     Faith    .   q - +3 chain mail {rC+}
rPois    .         Spirit   .   (helmet restricted)
rElec    .         Reflect  .   t - scarf {repulsion}
rCorr    .         Harm     .   F - +0 pair of gloves
MR       .....                  C - +0 pair of boots
Stlth    ..........             (no amulet)
HPRegen  0.25/turn              (no ring)
MPRegen  0.08/turn              (no ring)

@: divine shield, corroded, glowing, repel missiles
A: retaliatory headbutt, fangs 1, horns 2, talons 1, iridescent scales 1, cold
resistance 1, sense surroundings 2
a: Divine Shield, Cleansing Flame, Renounce Religion


You were on level 1 of the Lair of Beasts.
You worshipped the Shining One.
The Shining One was greatly pleased with you.
You were very hungry.

You visited 3 branches of the dungeon, and saw 11 of its levels.

You collected 382 gold pieces.

Inventory:

Hand Weapons
 a - a +1 hand crossbow
 b - the +6 lajatang "Todanew" {speed, MR+ Dex+6 Stlth+}
   (You found it on level 5 of the Dungeon)

   Attacks with this weapon are significantly faster.
   It affects your dexterity (+6).
   It affects your resistance to hostile enchantments.
   It makes you more stealthy.
 z - a +1 whip of electrocution
 K - a +6 antimagic morningstar (weapon)
Missiles
 d - 63 bolts
 m - 23 poisoned darts (quivered)
 B - 7 atropa-tipped darts
 E - 2 curare-tipped darts
Armour
 q - a +3 chain mail of cold resistance (worn)
 t - a scarf of repulsion (worn)
 C - a +0 pair of boots (worn)
 F - a +0 pair of gloves (worn)
Wands
 n - a wand of scattershot (10)
 D - a wand of acid (7)
Scrolls
 c - 4 scrolls of identify
 e - a scroll of magic mapping
 h - 5 scrolls of remove curse
 i - 7 scrolls of teleportation
 k - 2 scrolls of blinking
 o - a scroll of fog
 y - 4 scrolls of amnesia
Potions
 j - 2 potions of agility
 l - a potion of resistance
 r - a potion of might
 s - 2 potions of heal wounds
 u - 2 potions of lignification
 v - a potion of haste
 w - 2 potions of cancellation
 A - 2 potions of ambrosia
 G - a potion of degeneration
 J - a potion of magic
Miscellaneous
 H - a lightning rod (4/4)
Comestibles
 f - 12 rations


   Skills:
 + Level 7.0 Fighting
 * Level 13.1 Maces & Flails
 + Level 9.9 Crossbows
 + Level 7.0 Armour
 + Level 7.1 Dodging
 - Level 1.0 Stealth


You had 10 spell levels left.
You didn't know any spells.
Your spell library was empty.

Dungeon Overview and Level Annotations

Branches:
Dungeon (9/15)             Temple (1/1) D:4            Lair (1/6) D:9
    Orc: D:9-12

Altars:
Ashenzari
Cheibriados
Dithmenos
Elyvilon
Fedhas
Gozag
Hepliaklqana
Kikubaaqudgha
Makhleb
Nemelex Xobeh
Okawaru
Qazlal
Ru
Sif Muna
Trog
Uskayaw
Vehumet
Wu Jian
Xom
Yredelemnul
Zin
The Shining One

Annotations:
Lair:1 exclusion: 5 oklob plants


Innate Abilities, Weirdness & Mutations

You reflexively headbutt those who attack you in melee.
You have a pair of horns on your head.
You have very sharp teeth.
You have sharp toenails.
You are partially covered in iridescent scales. (AC +2)
Your flesh is cold resistant. (rC+)
You passively map the area around you.


Message History

The oklob plant spits acid at you. The splash of acid hits you.
The acid corrodes you!
You are splashed with acid!
You puncture the oklob plant!
The oklob plant is lightly damaged.
The oklob plant spits acid at you. The splash of acid hits you!
* * * LOW HITPOINT WARNING * * *
You are splashed with acid!
* * * LOW HITPOINT WARNING * * *
You hit the oklob plant.
You headbutt the oklob plant, but do no damage.
The oklob plant is lightly damaged.
A divine shield forms around you!
You feel slightly more hungry. The oklob plant spits acid at you.
The splash of acid hits you but does no damage.
The acid corrodes you!
You are splashed with acid!
The Shining One protects you from harm! The oklob plant spits acid at you.
The splash of acid hits you!
You die...

# #..#.##................... ##
####.........................
.####.##..................#...+##
.................................
.######..........................
## ###........PP.............. #
#.......PP.PP.......##... #
#......PP..PPP...........
#......P@.P.!PP.....#####
*......PPP./>........#
#........PPPPP.......#
#........P..........## #
....................# #
#...................# #
##...................##### ####
#...###...................
##.#####....######.#...#..#.#####


You could see 2 oklob plants.

Vanquished Creatures
  A two-headed ogre (D:8)
  Pikel (D:5)
  Joseph (D:8)
  Psyche (D:8)
  A troll (D:9)
  A hippogriff (Lair:1)
  3 blink frogs (Lair:1)
  Sigmund (D:6)
  A wyvern (D:8)
  Grum (D:8)
  Edmund (D:6)
  3 porcupines (Lair:1)
  A water moccasin (Lair:1)
  A floating eye (Lair:1)
  3 slaves (D:5)
  An ice beast (D:5)
  5 orc warriors
  2 sky beasts
  A phantom (D:5)
  5 ogres
  2 necrophages (D:9)
  4 wolves (D:8)
  3 centaurs
  2 crocodiles (Lair:1)
  A big kobold (D:7)
  8 bullfrogs
  A wyvern zombie (D:9)
  6 scorpions
  3 killer bees (D:8)
  A howler monkey (D:8)
  2 vampire bats (D:4)
  7 crimson imps
  3 bullfrog zombies
  A quasit (D:8)
  5 hounds
  10 orc wizards
  5 orc priests
  4 jellies
  A centaur skeleton (D:5)
  3 bullfrog skeletons
  2 iguanas (D:9)
  5 worker ants
  A worker ant zombie (D:7)
  11 adders
  2 shadow imps
  4 oozes
  3 adder skeletons
  5 leopard geckos
  36 orcs
  11 bats
  A bat skeleton (D:4)
  5 bat zombies (D:4)
  5 giant cockroaches
  16 goblins
  8 hobgoblins
  11 jackals
  A quokka (D:6)
  A ball python (D:2)
  9 frilled lizards
  A jackal skeleton (D:8)
  16 kobolds
  5 leopard gecko skeletons
  11 rats
  A spectral orc (D:4)
  A plant (Lair:1)
279 creatures vanquished.

Notes
Turn   | Place    | Note
-------+----------+-------------------------------------------
     0 | D:1      | BreadTh the Minotaur Hunter began the quest for the Orb.
     0 | D:1      | Reached XP level 1. HP: 18/18 MP: 0/0
   349 | D:1      | Reached XP level 2. HP: 25/25 MP: 1/1
   537 | D:1      | Reached skill level 1 in Stealth
  1133 | D:1      | Reached XP level 3. HP: 25/31 MP: 2/2
  1387 | D:2      | Reached skill level 1 in Maces & Flails
  1498 | D:2      | Noticed a scorpion
  1561 | D:1      | Killed a scorpion
  1561 | D:1      | Reached skill level 2 in Maces & Flails
  1561 | D:1      | Reached skill level 5 in Crossbows
  1561 | D:1      | Reached XP level 4. HP: 35/38 MP: 3/3
  1781 | D:2      | Found a shadowy altar of Dithmenos.
  1930 | D:2      | Reached XP level 5. HP: 45/45 MP: 4/4
  1996 | D:2      | Found a blossoming altar of Fedhas.
  2281 | D:2      | Reached skill level 3 in Maces & Flails
  2742 | D:3      | Reached skill level 1 in Armour
  2936 | D:3      | Found a faded altar of an unknown god.
  3071 | D:3      | Reached XP level 6. HP: 40/52 MP: 5/5
  3296 | D:3      | Reached skill level 4 in Maces & Flails
  3559 | D:4      | Found a staircase to the Ecumenical Temple.
  3625 | Temple   | Entered the Ecumenical Temple
  3734 | Temple   | Became a worshipper of the Shining One
  3881 | D:4      | Found a basalt altar of Yredelemnul.
  3956 | D:4      | Found a shimmering blue altar of Sif Muna.
  4191 | D:4      | Found an iron altar of Okawaru.
  4217 | D:4      | Reached XP level 7. HP: 60/60 MP: 6/6
  4244 | D:4      | Found a shimmering altar of Xom.
  4247 | D:4      | Found a shimmering altar of Xom.
  4247 | D:4      | Found a shimmering altar of Xom.
  4249 | D:4      | Found a shimmering altar of Xom.
  4250 | D:4      | Found a shimmering altar of Xom.
  4251 | D:4      | Found a shimmering altar of Xom.
  4371 | D:4      | Reached skill level 5 in Maces & Flails
  4577 | D:4      | Reached * piety under the Shining One
  4582 | D:4      | Found an ancient bone altar of Kikubaaqudgha.
  4847 | D:5      | Entered Level 5 of the Dungeon
  4894 | D:5      | Noticed Pikel
  5452 | D:6      | Noticed Edmund
  5469 | D:6      | Killed Edmund
  5469 | D:6      | Reached skill level 5 in Fighting
  5469 | D:6      | Reached skill level 6 in Maces & Flails
  5604 | D:6      | Reached XP level 8. HP: 20/68 MP: 7/7
  5605 | D:6      | Reached skill level 5 in Dodging
  6381 | D:6      | Noticed Sigmund
  6388 | D:6      | Reached skill level 7 in Maces & Flails
  6392 | D:6      | Killed Sigmund
  6457 | D:6      | Found a stormy altar of Qazlal.
  6459 | D:6      | Noticed an air elemental
  6610 | D:7      | Reached ** piety under the Shining One
  6918 | D:7      | Reached skill level 8 in Maces & Flails
  6918 | D:7      | Reached XP level 9. HP: 77/77 MP: 8/8
  6924 | D:7      | Found an ornate altar of the Wu Jian Council.
  7127 | D:8      | Reached skill level 5 in Armour
  7466 | D:8      | Noticed Psyche
  7481 | D:8      | Killed Psyche
  7482 | D:8      | Reached skill level 9 in Maces & Flails
  7720 | D:8      | Noticed Grum
  7730 | D:8      | Killed Grum
  7830 | D:8      | Noticed a two-headed ogre
  7840 | D:8      | Killed a two-headed ogre
  7840 | D:8      | Reached skill level 10 in Maces & Flails
  7840 | D:8      | Reached XP level 10. HP: 60/86 MP: 9/9
  8004 | D:8      | Noticed Joseph
  8020 | D:8      | Killed Joseph
  8165 | D:8      | Reached *** piety under the Shining One
  8210 | D:8      | HP: 2/86 [orc warrior/+0 battleaxe (6)]
  8213 | D:8      | Gained mutation: Scrolls take you a little longer to read.
                  | [potion of mutation]
  8213 | D:8      | Gained mutation: You have sharp toenails. [potion of
                  | mutation]
  8213 | D:8      | Gained mutation: You passively map a small area around you.
                  | [potion of mutation]
  8496 | D:8      | Lost mutation: Scrolls take you a little longer to read.
                  | [potion of mutation]
  8496 | D:8      | Gained mutation: You are partially covered in iridescent
                  | scales. (AC +2) [potion of mutation]
  8496 | D:8      | Gained mutation: You passively map the area around you.
                  | [potion of mutation]
  8496 | D:8      | Gained mutation: Your flesh is cold resistant. (rC+)
                  | [potion of mutation]
  8496 | D:8      | Gained mutation: You have very sharp teeth. [potion of
                  | mutation]
  8650 | D:9      | Found a burning altar of Makhleb.
  8820 | D:9      | Reached skill level 11 in Maces & Flails
  8922 | D:9      | Noticed a death yak
  9082 | D:5      | Found a white marble altar of Elyvilon.
  9440 | D:5      | Found a hide-covered altar of Uskayaw.
  9498 | D:5      | Found a sparkling altar of Nemelex Xobeh.
  9564 | D:5      | Got a crystal lajatang
  9565 | D:5      | Identified the +6 lajatang "Todanew" {speed, MR+ Dex+6
                  | Stlth+} (You found it on level 5 of the Dungeon)
  9609 | D:5      | Killed Pikel
  9867 | D:9      | Found a staircase to the Lair.
  9875 | D:9      | Noticed a death yak
  9884 | D:9      | Noticed a death yak
 10047 | D:9      | Reached skill level 12 in Maces & Flails
 10246 | D:9      | Found a sacrificial altar of Ru.
 10326 | D:9      | Reached **** piety under the Shining One
 10560 | D:9      | Found a hazy altar of Hepliaklqana.
 11028 | Lair:1   | Entered Level 1 of the Lair of Beasts
 11032 | Lair:1   | Noticed an oklob plant
 11032 | Lair:1   | Noticed an oklob plant
 11032 | Lair:1   | Noticed an oklob plant
 11166 | Lair:1   | Reached XP level 11. HP: 56/92 MP: 10/10
 11360 | Lair:1   | Noticed an oklob plant
 11375 | Lair:1   | Reached skill level 13 in Maces & Flails
 11630 | Lair:1   | Got a polished cloak
 11755 | Lair:1   | Identified the +2 cloak of the Original Sin {+Inv MR-
                  | Str+2} (You found it on level 1 of the Lair of Beasts)
 11905 | Lair:1   | Noticed an oklob plant
 11944 | Lair:1   | The Shining One protects you from harm!
 11944 | Lair:1   | Killed from afar by an oklob plant

Levels and vault maps discovered:
D:1:      arrival_zaba_pyramid, layout_basic, minmay_pentomino_q2
D:2:      minmay_inner_zag, layout_loops_ring, grunt_dithmenos_smoke,
          fedhas_altar_fruit_tree
D:3:      layout_loops_ring, chequers_ecumenical_altar_simple_redux
D:4:      layout_basic, lemuel_coloured_pillars_altar,
          kennysheep_vampire_church, kennysheep_mini,
          yredelemnul_forgotten_temple_becter, minmay_temple_entry_wispy,
          xom_redecorated
D:5:      layout_loops_ring, kennysheep_mini_moat, elyvilon_altar_5,
          overflow_temple_1_default, first_ration, uniq_pikel
D:6:      layout_loops_corners, nicolae_qazlal_style_of_elements, uniq_sigmund,
          uniq_edmund
D:7:      layout_basic, nicolae_overflow_crystal_walls
D:8:      layout_gridville, uniq_grum, uniq_psyche, uniq_joseph
D:9:      layout_stronghold, bloody_makhleb, old_standard_altar,
          lemuel_crystal_altar, dpeg_lair_monsters
Temple:   nicolae_temple_figure_zero
Lair:1:   dpeg_oklob_gauntlet, layout_chaotic_city, disabler_island

Skill      XL: |  1  2  3  4  5  6  7  8  9 10 11 |
---------------+----------------------------------+-----
Stealth        | 1 |  1.0
Fighting       | 3 4 5 6 7 |  7.0
Maces & Flails | 2 3 4 6 8 10 12 13 | 13.1
Crossbows      | 5 6 8 9 |  9.9
Dodging        | 3 4 5 7 |  7.1
Armour         | 1 2 3 4 6 7 |  7.0

Action                   |  1- 3 |  4- 6 |  7- 9 | 10-12 || total
-------------------------+-------+-------+-------+-------++-------
Melee: Short sword       |     7 |       |       |       ||     7
       Club              |    17 |       |       |       ||    17
       Headbutt          |    10 |    35 |    38 |    53 ||   136
       Whip              |    63 |    39 |       |    25 ||   127
       Mace              |       |    84 |       |       ||    84
       Flail             |       |   103 |   254 |   241 ||   598
       Bite              |       |       |       |    18 ||    18
       Morningstar       |       |       |       |    10 ||    10
 Fire: Hand crossbow     |       |       |     9 |    12 ||    21
Throw: Dart              |       |       |     2 |       ||     2
Invok: Divine Shield     |       |       |       |     2 ||     2
  Use: Scroll            |       |       |       |    21 ||    21
       Potion            |       |       |       |     6 ||     6
 Stab: Sleeping          |     1 |       |       |       ||     1
  Eat: Chunk             |     2 |     8 |     9 |    12 ||    31
       Ration            |       |       |     1 |       ||     1
Armor: Leather armour    |    11 |       |       |       ||    11
       Ring mail         |    10 |    20 |       |       ||    30
       Chain mail        |       |   100 |   141 |   139 ||   380
Dodge: Dodged            |    42 |   105 |   134 |   101 ||   382
       Deflected         |       |       |       |     2 ||     2
Block: Other             |       |       |       |     1 ||     1
